[ AOE2 MATCH · #497217538 ]
UnrankedKhmer vs Sicilians
[ REPLAY ANALYSIS · EXTRACTED FROM THE RECORDED GAME ]
Feudal
11:54
Castle
15:24
Imperial
30:49
| APM avg | 22.4 |
| APM peak | 56 |
| eAPM avg | 14.3 |
| Villagers / military | 185 / 256 |
Focus
⚔️ 32.0% · 🌾 68.0%
Ballista Elephant ×200 · Spearman ×49 · Militia ×5 · Battle Elephant ×2
Feudal
9:18
Castle
21:31
Imperial
27:06
| APM avg | 16.8 |
| APM peak | 60 |
| eAPM avg | 9.8 |
| Villagers / military | 104 / 34 |
Focus
⚔️ 23.5% · 🌾 76.5%
Knight ×19 · Serjeant ×7 · Battering Ram ×4 · Trebuchet (Packed) ×4
Feudal
12:47
Castle
16:44
Imperial
33:04
| APM avg | 37.8 |
| APM peak | 96 |
| eAPM avg | 19.8 |
| Villagers / military | 192 / 61 |
Focus
⚔️ 25.2% · 🌾 74.8%
Spearman ×40 · Bombard Cannon ×18 · Organ Gun ×3
Feudal
12:48
Castle
17:15
Imperial
21:57
| APM avg | 17.8 |
| APM peak | 89 |
| eAPM avg | 8.9 |
| Villagers / military | 71 / 52 |
Focus
⚔️ 23.5% · 🌾 76.5%
Hand Cannoneer ×44 · Bombard Cannon ×7 · Cavalry Archer ×1
Feudal
11:33
Castle
15:33
Imperial
30:27
| APM avg | 41.5 |
| APM peak | 84 |
| eAPM avg | 23.2 |
| Villagers / military | 194 / 20 |
Focus
⚔️ 17.1% · 🌾 82.9%
Teutonic Knight ×13 · Trebuchet (Packed) ×5 · Monk ×2
Feudal
11:41
Castle
15:14
Imperial
37:00
| APM avg | 35.0 |
| APM peak | 95 |
| eAPM avg | 11.7 |
| Villagers / military | 96 / 154 |
Focus
⚔️ 30.9% · 🌾 69.1%
Knight ×81 · Skirmisher ×39 · Scout Cavalry ×34
Feudal
11:02
Castle
15:02
Imperial
28:23
| APM avg | 32.6 |
| APM peak | 78 |
| eAPM avg | 15.3 |
| Villagers / military | 147 / 109 |
Focus
⚔️ 25.1% · 🌾 74.9%
Mangudai ×58 · Scout Cavalry ×40 · Trebuchet (Packed) ×7 · Mangonel ×3 · Monk ×1
Feudal
10:56
Castle
14:33
Imperial
31:17
| APM avg | 114.9 |
| APM peak | 234 |
| eAPM avg | 71.1 |
| Villagers / military | 167 / 6 |
Focus
⚔️ 76.8% · 🌾 23.2%
Unknown (1968) ×132 · Unknown (1942) ×59 · Monk ×6
Match map
Initial resources + every placement click. Lines = walls · curves = elevation contours. ◆ gold · ⬟ stone · ● berries · ✦ relic · ◌ wall gap
Your base· ✓ Closed at 15:24 · 0t walls · 2 gate(s)
BruxYep's base· ✓ Closed at 21:31 · 0t walls · 3 gate(s)
Chasers's base· ✓ Closed at 16:44 · 21t walls · 3 gate(s)
noobmaster69xd_420's base· ✓ Closed at 17:15 · 0t walls · 2 gate(s)
woololoo's base· ✓ Closed at 15:33 · 3t walls · 2 gate(s) · fragile
kaka's base· ✓ Closed at 15:14 · 0t walls · 3 gate(s)
VadersSon2004's base· ✓ Closed at 15:02 · 0t walls · 2 gate(s)
VIT | Hera's base· ✓ Closed at 14:33 · 3t walls · 3 gate(s)
Smoothed initial terrain · ◌ = detected wall gap · hover for details
Inputs per minute
— noloomregret - - BruxYep
Build order — noloomregret
First 150 of 339 actions detected
| 0:02 | Create | Villager (Male) |
| 0:03 | Create | Villager (Male) |
| 0:03 | Create | Villager (Male) |
| 0:04 | Build | House |
| 0:05 | Build | House |
| 0:13 | Create | Villager (Male) |
| 0:13 | Create | Villager (Male) |
| 1:35 | Create | Villager (Male) |
| 1:35 | Create | Villager (Male) |
| 1:50 | Build | Lumber Camp |
| 2:07 | Create | Villager (Male) |
| 2:07 | Create | Villager (Male) |
| 2:23 | Create | Villager (Male) |
| 2:23 | Create | Villager (Male) |
| 2:40 | Create | Villager (Male) |
| 2:40 | Create | Villager (Male) |
| 3:30 | Build | House |
| 3:32 | Build | House |
| 3:54 | Create | Villager (Male) |
| 3:54 | Create | Villager (Male) |
| 4:22 | Create | Villager (Male) |
| 4:22 | Create | Villager (Male) |
| 4:23 | Create | Villager (Male) |
| 4:51 | Create | Villager (Male) |
| 4:52 | Create | Villager (Male) |
| 5:21 | Create | Villager (Male) |
| 5:21 | Create | Villager (Male) |
| 5:26 | Create | Villager (Male) |
| 5:26 | Create | Villager (Male) |
| 6:48 | Build | Mill |
| 7:12 | Create | Villager (Male) |
| 7:12 | Create | Villager (Male) |
| 8:29 | Create | Villager (Male) |
| 8:30 | Create | Villager (Male) |
| 8:30 | Create | Villager (Male) |
| 8:35 | Build | Mining Camp |
| 9:02 | Create | Villager (Male) |
| 9:18 | Create | Villager (Male) |
| 9:36 | Research | Feudal Age |
| 10:14 | Create | Villager (Male) |
| 10:16 | Create | Villager (Male) |
| 11:22 | Build | Farm |
| 11:22 | Build | Farm |
| 11:23 | Build | Farm |
| 11:24 | Build | Farm |
| 11:24 | Build | Farm |
| 11:24 | Build | Farm |
| 11:24 | Build | Farm |
| 11:24 | Build | Farm |
| 11:25 | Build | Farm |
| 11:54 | Age | Feudal Age |
| 12:13 | Build | House |
| 12:15 | Build | House |
| 12:17 | Create | Villager (Male) |
| 12:44 | Research | Castle Age |
| 13:38 | Research | Double-Bit Axe |
| 13:38 | Research | Double-Bit Axe |
| 13:57 | Research | Horse Collar |
| 15:24 | Age | Castle Age |
| 15:27 | Build | Town Center |
| 15:31 | Build | Town Center |
| 15:34 | Create | Villager (Male) |
| 15:35 | Create | Villager (Male) |
| 15:39 | Research | Bow Saw |
| 15:41 | Research | Horse Collar |
| 16:17 | Create | Villager (Male) |
| 16:17 | Create | Villager (Male) |
| 16:31 | Build | Farm |
| 16:36 | Create | Villager (Male) |
| 16:56 | Build | Farm |
| 16:56 | Build | Farm |
| 16:56 | Build | Farm |
| 16:56 | Build | Farm |
| 16:57 | Build | Farm |
| 16:57 | Build | Farm |
| 16:57 | Build | Farm |
| 16:57 | Build | Farm |
| 17:02 | Build | Farm |
| 17:04 | Create | Villager (Male) ×5 |
| 17:12 | Create | Villager (Male) ×3 |
| 17:21 | Build | House |
| 17:30 | Build | House |
| 17:31 | Build | House |
| 17:33 | Create | Villager (Male) ×2 |
| 17:49 | Build | Farm |
| 18:02 | Create | Villager (Male) ×3 |
| 18:16 | Create | Villager (Male) |
| 18:19 | Build | Farm |
| 18:19 | Build | Farm |
| 18:20 | Build | Farm |
| 18:23 | Build | Farm |
| 18:26 | Create | Villager (Male) |
| 18:31 | Build | House |
| 18:33 | Build | House |
| 18:37 | Create | Villager (Male) |
| 18:52 | Research | Heavy Plow |
| 18:52 | Research | Heavy Plow |
| 18:52 | Research | Heavy Plow |
| 18:59 | Build | House |
| 19:01 | Build | House |
| 19:15 | Create | Villager (Male) ×2 |
| 19:15 | Create | Villager (Male) ×2 |
| 19:28 | Create | Villager (Male) ×2 |
| 19:33 | Build | Farm |
| 19:34 | Build | Farm |
| 19:34 | Build | Farm |
| 19:34 | Build | Farm |
| 19:34 | Build | Farm |
| 19:35 | Build | Farm |
| 19:35 | Build | Farm |
| 19:36 | Create | Villager (Male) |
| 19:51 | Build | House |
| 19:52 | Build | House |
| 19:55 | Create | Villager (Male) ×3 |
| 20:04 | Create | Villager (Male) |
| 20:17 | Build | Farm |
| 20:17 | Build | Farm |
| 20:18 | Build | Farm |
| 20:18 | Build | Farm |
| 20:18 | Build | Farm |
| 20:20 | Create | Villager (Male) ×3 |
| 20:29 | Build | House |
| 20:30 | Build | House |
| 20:34 | Build | House |
| 20:35 | Create | Villager (Male) ×2 |
| 20:48 | Research | Wheelbarrow |
| 20:49 | Research | Wheelbarrow |
| 21:13 | Create | Villager (Male) ×4 |
| 21:40 | Build | Town Center |
| 21:46 | Build | House |
| 21:47 | Build | House |
| 21:48 | Create | Villager (Male) ×5 |
| 21:51 | Build | Farm |
| 21:52 | Build | Farm |
| 22:37 | Build | Stable |
| 22:42 | Create | Villager (Male) ×5 |
| 22:44 | Build | Farm |
| 22:44 | Build | Farm |
| 22:45 | Build | Farm |
| 23:03 | Create | Villager (Male) ×5 |
| 23:11 | Build | Blacksmith |
| 23:12 | Create | Villager (Male) ×5 |
| 23:16 | Research | Stone Mining |
| 23:16 | Research | Stone Mining |
| 23:20 | Create | Villager (Male) |
| 23:28 | Build | Farm |
| 23:29 | Build | Farm |
| 23:29 | Build | Farm |
| 23:29 | Build | Farm |
| 23:29 | Build | Farm |
Build order — BruxYep
First 150 of 269 actions detected
| 0:01 | Create | Villager (Male) |
| 0:01 | Create | Villager (Male) |
| 0:03 | Build | House |
| 0:04 | Build | House |
| 0:21 | Create | Villager (Male) |
| 0:21 | Create | Villager (Male) |
| 0:21 | Create | Villager (Male) |
| 1:24 | Create | Villager (Male) |
| 1:24 | Create | Villager (Male) |
| 1:56 | Create | Villager (Male) |
| 1:57 | Create | Villager (Male) |
| 2:19 | Build | Lumber Camp |
| 2:32 | Create | Villager (Male) |
| 2:33 | Create | Villager (Male) |
| 2:51 | Build | House |
| 2:52 | Create | Villager (Male) |
| 2:53 | Create | Villager (Male) |
| 3:33 | Create | Villager (Male) |
| 3:33 | Create | Villager (Male) |
| 4:18 | Create | Villager (Male) |
| 4:18 | Create | Villager (Male) |
| 4:23 | Build | Mill |
| 4:25 | Create | Villager (Male) |
| 4:25 | Create | Villager (Male) |
| 5:35 | Build | House |
| 5:38 | Create | Villager (Male) |
| 5:55 | Create | Villager (Male) |
| 6:36 | Research | Loom |
| 6:48 | Build | Lumber Camp |
| 7:08 | Research | Feudal Age |
| 7:52 | Build | Mining Camp |
| 8:34 | Create | Villager (Male) |
| 9:16 | Create | Villager (Male) |
| 9:18 | Age | Feudal Age |
| 9:38 | Build | Blacksmith |
| 9:42 | Create | Villager (Male) |
| 9:47 | Build | House |
| 9:53 | Create | Villager (Male) |
| 10:01 | Build | Donjon |
| 10:21 | Research | Double-Bit Axe |
| 10:23 | Research | Horse Collar |
| 10:36 | Research | Fletching |
| 10:37 | Create | Villager (Male) |
| 10:48 | Build | Mining Camp |
| 10:59 | Create | Villager (Male) |
| 11:21 | Create | Villager (Male) |
| 11:29 | Create | Villager (Male) |
| 11:47 | Create | Serjeant |
| 12:03 | Create | Villager (Male) |
| 12:20 | Build | Barracks |
| 12:22 | Create | Villager (Male) |
| 12:39 | Create | Villager (Male) |
| 12:47 | Create | Serjeant |
| 13:07 | Build | House |
| 13:11 | Build | House |
| 13:17 | Research | Arson |
| 13:23 | Research | Forging |
| 13:32 | Build | Farm |
| 13:43 | Build | House |
| 13:44 | Create | Villager (Male) |
| 13:48 | Create | Serjeant |
| 13:57 | Build | Farm |
| 14:15 | Create | Villager (Male) |
| 14:20 | Create | Serjeant |
| 14:28 | Build | Farm |
| 14:40 | Build | Farm |
| 14:43 | Build | Farm |
| 14:48 | Create | Villager (Male) |
| 15:03 | Build | House |
| 15:04 | Build | House |
| 15:05 | Create | Villager (Male) |
| 15:10 | Create | Serjeant |
| 15:17 | Build | Farm |
| 15:19 | Build | Farm |
| 15:25 | Build | Farm |
| 15:28 | Build | Farm |
| 15:31 | Build | Farm |
| 15:35 | Create | Villager (Male) |
| 15:51 | Create | Villager (Male) |
| 16:02 | Build | Farm |
| 16:05 | Build | Farm |
| 16:07 | Build | Farm |
| 16:15 | Create | Villager (Male) |
| 16:39 | Build | Donjon |
| 16:44 | Build | Farm |
| 16:46 | Build | Farm |
| 16:56 | Create | Villager (Male) |
| 17:02 | Build | Farm |
| 17:23 | Create | Villager (Male) |
| 17:28 | Build | Farm |
| 17:54 | Build | Market |
| 17:59 | Create | Villager (Male) |
| 18:32 | Build | Mining Camp |
| 18:51 | Research | Castle Age |
| 19:28 | Create | Serjeant |
| 19:46 | Build | Stable |
| 19:51 | Build | Stable |
| 19:58 | Research | Gold Mining |
| 20:12 | Research | Scale Barding Armor |
| 20:24 | Research | Stone Mining |
| 20:57 | Research | Bloodlines |
| 21:16 | Create | Villager (Male) |
| 21:17 | Create | Villager (Male) |
| 21:31 | Age | Castle Age |
| 21:36 | Build | Farm |
| 21:42 | Create | Villager (Male) |
| 21:53 | Build | Lumber Camp |
| 22:02 | Build | Farm |
| 22:22 | Create | Villager (Male) |
| 22:26 | Build | Farm |
| 22:40 | Build | Monastery |
| 22:46 | Build | University |
| 23:11 | Create | Villager (Male) |
| 23:17 | Build | Mining Camp |
| 23:56 | Research | Imperial Age |
| 23:57 | Research | Imperial Age |
| 24:16 | Build | Town Center |
| 24:32 | Research | Bow Saw |
| 25:32 | Build | Castle |
| 25:38 | Research | Bodkin Arrow |
| 26:05 | Create | Villager (Male) |
| 26:05 | Create | Villager (Male) |
| 26:07 | Create | Villager (Male) |
| 26:16 | Research | Wheelbarrow |
| 27:06 | Age | Imperial Age |
| 27:07 | Create | Trebuchet (Packed) |
| 27:14 | Create | Villager (Male) |
| 27:23 | Research | Iron Casting |
| 27:27 | Create | Knight |
| 27:28 | Create | Knight |
| 27:31 | Create | Villager (Male) |
| 27:48 | Research | Hand Cart |
| 27:49 | Create | Villager (Male) |
| 28:16 | Build | Donjon |
| 28:20 | Create | Trebuchet (Packed) |
| 28:24 | Create | Villager (Male) |
| 28:30 | Create | Villager (Male) |
| 28:43 | Create | Villager (Male) |
| 29:21 | Research | Scale Mail Armor |
| 29:25 | Create | Villager (Male) |
| 29:37 | Create | Villager (Male) |
| 29:43 | Create | Villager (Male) |
| 29:48 | Create | Trebuchet (Packed) |
| 29:50 | Create | Villager (Male) |
| 29:59 | Create | Villager (Male) |
| 30:25 | Research | Blast Furnace |
| 30:30 | Create | Knight |
| 30:31 | Create | Knight |
| 30:34 | Create | Villager (Male) |
| 30:47 | Create | Villager (Male) |
Build order — Chasers
First 150 of 470 actions detected
| 0:00 | Create | Villager (Male) |
| 0:00 | Create | Villager (Male) |
| 0:00 | Create | Villager (Male) |
| 0:02 | Build | House |
| 0:03 | Build | House |
| 0:20 | Create | Villager (Male) |
| 1:09 | Create | Villager (Male) |
| 1:40 | Create | Villager (Male) |
| 1:54 | Build | Lumber Camp |
| 2:06 | Create | Villager (Male) |
| 2:21 | Create | Villager (Male) |
| 2:54 | Create | Villager (Male) |
| 3:01 | Build | House |
| 3:03 | Build | House |
| 3:33 | Create | Villager (Male) |
| 3:47 | Build | House |
| 3:51 | Create | Villager (Male) |
| 3:51 | Create | Villager (Male) |
| 3:53 | Build | House |
| 4:35 | Create | Villager (Male) |
| 4:35 | Create | Villager (Male) |
| 4:51 | Create | Villager (Male) |
| 4:51 | Create | Villager (Male) |
| 5:01 | Build | Mill |
| 5:10 | Create | Villager (Male) |
| 5:29 | Create | Villager (Male) |
| 5:29 | Create | Villager (Male) |
| 6:04 | Create | Villager (Male) |
| 6:04 | Create | Villager (Male) |
| 6:05 | Create | Villager (Male) |
| 6:13 | Create | Villager (Male) |
| 6:13 | Create | Villager (Male) |
| 6:48 | Create | Villager (Male) |
| 6:48 | Create | Villager (Male) |
| 7:17 | Create | Villager (Male) |
| 7:31 | Create | Villager (Male) |
| 7:31 | Create | Villager (Male) |
| 7:37 | Create | Villager (Male) |
| 7:37 | Create | Villager (Male) |
| 7:53 | Create | Villager (Male) |
| 8:05 | Build | Mining Camp |
| 8:09 | Create | Villager (Male) |
| 9:09 | Research | Feudal Age |
| 9:16 | Create | Villager (Male) |
| 9:18 | Create | Villager (Male) |
| 9:27 | Build | Mining Camp |
| 9:34 | Create | Villager (Male) |
| 9:34 | Create | Villager (Male) |
| 10:37 | Research | Feudal Age |
| 11:13 | Create | Villager (Male) |
| 11:54 | Create | Villager (Male) |
| 11:56 | Build | Farm |
| 11:57 | Build | Farm |
| 12:00 | Build | Farm |
| 12:01 | Build | Farm |
| 12:03 | Build | Farm |
| 12:22 | Build | Farm |
| 12:24 | Build | Farm |
| 12:47 | Age | Feudal Age |
| 12:51 | Build | Market |
| 12:55 | Build | Blacksmith |
| 13:08 | Research | Loom |
| 14:04 | Research | Castle Age |
| 14:43 | Build | Palisade Wall |
| 14:48 | Build | Palisade Wall |
| 15:01 | Create | Villager (Male) |
| 15:03 | Create | Villager (Male) |
| 15:10 | Research | Double-Bit Axe |
| 15:35 | Create | Villager (Male) |
| 15:39 | Research | Stone Mining |
| 15:49 | Research | Horse Collar |
| 15:57 | Build | House |
| 16:00 | Build | House |
| 16:32 | Create | Villager (Male) |
| 16:44 | Age | Castle Age |
| 17:03 | Build | Castle |
| 17:08 | Create | Villager (Male) |
| 17:17 | Build | Farm |
| 17:19 | Create | Villager (Male) |
| 17:34 | Build | Town Center |
| 17:39 | Build | Town Center |
| 18:01 | Build | Farm |
| 18:22 | Create | Villager (Male) |
| 18:22 | Create | Villager (Male) |
| 18:24 | Build | Farm |
| 18:29 | Build | Farm |
| 18:29 | Create | Villager (Male) |
| 18:50 | Build | Siege Workshop |
| 18:56 | Build | Stone Wall |
| 18:59 | Build | Stone Wall |
| 19:01 | Build | Stone Wall |
| 19:03 | Create | Villager (Male) |
| 19:03 | Create | Villager (Male) |
| 19:05 | Build | Farm |
| 19:08 | Create | Villager (Male) |
| 19:39 | Create | Villager (Male) |
| 19:39 | Create | Villager (Male) |
| 19:43 | Build | Farm |
| 19:47 | Build | Farm |
| 19:47 | Create | Villager (Male) |
| 19:53 | Build | Farm |
| 20:09 | Create | Villager (Male) |
| 20:09 | Create | Villager (Male) |
| 20:09 | Create | Villager (Male) |
| 20:18 | Create | Villager (Male) |
| 20:21 | Build | Farm |
| 20:23 | Build | Farm |
| 20:28 | Build | Farm |
| 20:31 | Build | Farm |
| 20:32 | Create | Villager (Male) |
| 20:32 | Create | Villager (Male) |
| 20:32 | Create | Villager (Male) |
| 20:32 | Create | Villager (Male) |
| 20:44 | Build | Farm |
| 20:54 | Create | Villager (Male) |
| 20:55 | Create | Villager (Male) |
| 21:01 | Create | Villager (Male) |
| 21:02 | Create | Villager (Male) |
| 21:14 | Build | Stone Wall |
| 21:19 | Build | House |
| 21:20 | Build | House |
| 21:21 | Build | House |
| 21:22 | Build | House |
| 21:23 | Build | House |
| 21:32 | Build | Lumber Camp |
| 21:38 | Create | Villager (Male) |
| 21:38 | Create | Villager (Male) |
| 21:38 | Create | Villager (Male) |
| 21:38 | Create | Villager (Male) |
| 21:50 | Build | Farm |
| 22:01 | Create | Villager (Male) |
| 22:01 | Create | Villager (Male) |
| 22:01 | Create | Villager (Male) |
| 22:28 | Build | Farm |
| 22:30 | Research | Heavy Plow |
| 22:38 | Build | Farm |
| 22:46 | Build | Farm |
| 22:47 | Create | Villager (Male) |
| 22:47 | Create | Villager (Male) |
| 22:48 | Create | Villager (Male) |
| 22:48 | Create | Villager (Male) |
| 22:58 | Build | House |
| 23:01 | Build | House |
| 23:02 | Build | House |
| 23:04 | Create | Villager (Male) |
| 23:05 | Create | Villager (Male) |
| 23:19 | Build | Farm |
| 23:20 | Build | Farm |
| 23:20 | Build | Farm |
| 23:27 | Create | Villager (Male) |
Build order — noobmaster69xd_420
First 150 of 200 actions detected
| 0:03 | Create | Villager (Male) |
| 0:03 | Create | Villager (Male) |
| 0:06 | Build | House |
| 0:22 | Create | Villager (Male) |
| 0:23 | Create | Villager (Male) |
| 0:23 | Create | Villager (Male) |
| 0:35 | Build | House |
| 1:10 | Build | House |
| 1:46 | Build | House |
| 1:52 | Create | Villager (Male) |
| 1:52 | Create | Villager (Male) |
| 2:03 | Create | Villager (Male) |
| 2:04 | Create | Villager (Male) |
| 2:33 | Create | Villager (Male) |
| 2:33 | Create | Villager (Male) |
| 2:53 | Create | Villager (Male) |
| 2:53 | Create | Villager (Male) |
| 3:58 | Create | Villager (Male) |
| 3:58 | Create | Villager (Male) |
| 4:20 | Create | Villager (Male) |
| 4:20 | Create | Villager (Male) |
| 4:30 | Create | Villager (Male) |
| 4:30 | Create | Villager (Male) |
| 4:56 | Create | Villager (Male) |
| 4:56 | Create | Villager (Male) |
| 6:08 | Create | Villager (Male) |
| 6:08 | Create | Villager (Male) |
| 6:14 | Build | Mining Camp |
| 6:21 | Create | Villager (Male) |
| 6:23 | Create | Villager (Male) |
| 6:37 | Create | Villager (Male) |
| 7:27 | Build | Mill |
| 7:55 | Build | House |
| 7:59 | Create | Villager (Male) |
| 8:23 | Create | Villager (Male) |
| 8:41 | Create | Villager (Male) |
| 8:43 | Create | Villager (Male) |
| 8:44 | Create | Villager (Male) |
| 9:34 | Build | Lumber Camp |
| 10:02 | Create | Villager (Male) |
| 10:14 | Build | Farm |
| 10:34 | Research | Feudal Age |
| 10:46 | Build | Farm |
| 10:54 | Build | Farm |
| 11:38 | Build | Farm |
| 11:43 | Build | Farm |
| 12:48 | Age | Feudal Age |
| 12:56 | Create | Villager (Male) |
| 12:56 | Create | Villager (Male) |
| 13:08 | Build | Blacksmith |
| 13:38 | Create | Villager (Male) |
| 14:02 | Build | Market |
| 14:35 | Research | Castle Age |
| 15:00 | Research | Double-Bit Axe |
| 15:40 | Build | Lumber Camp |
| 15:54 | Build | Farm |
| 16:05 | Build | Farm |
| 16:08 | Build | Farm |
| 16:23 | Build | House |
| 16:42 | Build | Farm |
| 16:47 | Create | Villager (Male) |
| 16:47 | Create | Villager (Male) |
| 17:12 | Create | Villager (Male) |
| 17:15 | Age | Castle Age |
| 17:21 | Build | Monastery |
| 17:48 | Build | Siege Workshop |
| 18:47 | Research | Imperial Age |
| 19:36 | Build | Barracks |
| 19:52 | Create | Villager (Male) |
| 19:53 | Create | Villager (Male) |
| 20:37 | Build | Archery Range |
| 20:44 | Build | House |
| 21:34 | Create | Villager (Male) |
| 21:57 | Age | Imperial Age |
| 21:58 | Build | Archery Range |
| 22:10 | Create | Bombard Cannon |
| 22:14 | Create | Hand Cannoneer |
| 22:14 | Create | Hand Cannoneer |
| 22:15 | Create | Hand Cannoneer |
| 22:20 | Build | House |
| 22:23 | Create | Villager (Male) |
| 22:23 | Create | Villager (Male) |
| 22:42 | Create | Villager (Male) |
| 22:47 | Research | Bow Saw |
| 22:54 | Build | House |
| 23:11 | Create | Hand Cannoneer |
| 23:21 | Build | House |
| 23:28 | Create | Bombard Cannon |
| 23:45 | Create | Hand Cannoneer |
| 23:46 | Create | Hand Cannoneer |
| 23:46 | Create | Hand Cannoneer |
| 23:52 | Create | Hand Cannoneer |
| 23:55 | Create | Villager (Male) |
| 23:55 | Create | Villager (Male) |
| 24:08 | Build | House |
| 24:12 | Build | House |
| 24:21 | Create | Hand Cannoneer |
| 24:22 | Create | Hand Cannoneer |
| 24:29 | Create | Hand Cannoneer |
| 24:37 | Build | Archery Range |
| 25:07 | Create | Hand Cannoneer |
| 25:07 | Create | Hand Cannoneer |
| 25:08 | Create | Hand Cannoneer |
| 25:16 | Create | Cavalry Archer |
| 25:17 | Create | Hand Cannoneer |
| 25:17 | Create | Hand Cannoneer |
| 26:07 | Create | Bombard Cannon |
| 26:07 | Create | Bombard Cannon |
| 26:49 | Create | Hand Cannoneer |
| 26:49 | Create | Hand Cannoneer |
| 26:52 | Create | Bombard Cannon |
| 26:55 | Create | Hand Cannoneer |
| 26:55 | Create | Hand Cannoneer |
| 28:07 | Create | Hand Cannoneer |
| 28:13 | Create | Bombard Cannon |
| 28:23 | Create | Villager (Male) |
| 28:23 | Create | Villager (Male) |
| 28:24 | Create | Villager (Male) |
| 28:24 | Create | Villager (Male) |
| 28:29 | Build | Town Center |
| 28:36 | Create | Villager (Male) |
| 28:36 | Create | Villager (Male) |
| 28:51 | Research | Town Watch |
| 28:55 | Create | Hand Cannoneer |
| 28:56 | Create | Hand Cannoneer |
| 28:59 | Create | Bombard Cannon |
| 29:14 | Build | Farm |
| 29:16 | Create | Villager (Male) |
| 29:24 | Create | Hand Cannoneer |
| 29:35 | Create | Villager (Male) |
| 29:36 | Create | Villager (Male) |
| 29:36 | Create | Villager (Male) |
| 29:42 | Build | Farm |
| 29:45 | Build | Farm |
| 29:48 | Build | Farm |
| 29:50 | Build | Farm |
| 30:22 | Build | House |
| 30:27 | Create | Hand Cannoneer |
| 30:27 | Create | Hand Cannoneer |
| 30:28 | Create | Hand Cannoneer |
| 31:39 | Create | Hand Cannoneer |
| 31:39 | Create | Hand Cannoneer |
| 31:39 | Create | Hand Cannoneer |
| 31:40 | Create | Hand Cannoneer |
| 32:08 | Create | Hand Cannoneer |
| 32:08 | Create | Hand Cannoneer |
| 32:08 | Create | Hand Cannoneer |
| 32:08 | Create | Hand Cannoneer |
| 32:16 | Create | Villager (Male) |
| 32:16 | Create | Villager (Male) |
Build order — woololoo
First 150 of 317 actions detected
| 0:00 | Create | Villager (Male) ×4 |
| 0:02 | Build | House |
| 0:03 | Build | House |
| 1:24 | Create | Villager (Male) |
| 1:46 | Build | Lumber Camp |
| 1:46 | Create | Villager (Male) |
| 2:22 | Create | Villager (Male) |
| 2:49 | Create | Villager (Male) |
| 3:08 | Create | Villager (Male) |
| 3:24 | Build | House |
| 3:31 | Create | Villager (Male) |
| 3:52 | Create | Villager (Male) |
| 4:11 | Create | Villager (Male) |
| 4:39 | Create | Villager (Male) ×2 |
| 4:43 | Build | Mill |
| 5:46 | Create | Villager (Male) |
| 5:55 | Create | Villager (Male) |
| 6:23 | Create | Villager (Male) |
| 6:47 | Build | House |
| 6:48 | Build | House |
| 7:09 | Create | Villager (Male) |
| 7:09 | Create | Villager (Male) |
| 7:32 | Build | Mining Camp |
| 7:33 | Create | Villager (Male) |
| 8:18 | Create | Villager (Male) |
| 8:39 | Research | Loom |
| 8:53 | Build | House |
| 8:56 | Build | House |
| 8:57 | Build | House |
| 9:07 | Research | Feudal Age |
| 10:26 | Build | House |
| 10:29 | Build | House |
| 10:36 | Build | House |
| 10:40 | Build | Palisade Wall |
| 10:42 | Build | Palisade Wall |
| 10:54 | Build | Palisade Wall |
| 11:18 | Create | Villager (Male) |
| 11:18 | Create | Villager (Male) |
| 11:33 | Age | Feudal Age |
| 11:37 | Build | Market |
| 11:41 | Build | Blacksmith |
| 12:21 | Create | Villager (Male) |
| 12:53 | Research | Castle Age |
| 12:58 | Build | Watch Tower |
| 13:32 | Research | Double-Bit Axe |
| 15:08 | Create | Villager (Male) |
| 15:08 | Create | Villager (Male) |
| 15:14 | Build | Farm |
| 15:16 | Build | Farm |
| 15:18 | Build | Farm |
| 15:24 | Build | Farm |
| 15:33 | Age | Castle Age |
| 15:37 | Create | Villager (Male) |
| 15:39 | Build | Town Center |
| 15:42 | Create | Villager (Male) |
| 15:47 | Build | Farm |
| 15:57 | Build | Town Center |
| 16:04 | Build | Farm |
| 16:11 | Create | Villager (Male) |
| 16:29 | Build | Farm |
| 16:49 | Create | Villager (Male) |
| 16:53 | Create | Villager (Male) |
| 17:02 | Build | Farm |
| 17:07 | Build | Farm |
| 17:09 | Build | Farm |
| 17:14 | Create | Villager (Male) |
| 17:21 | Build | Farm |
| 17:23 | Build | Farm |
| 17:33 | Create | Villager (Male) |
| 17:48 | Build | Castle |
| 17:53 | Create | Villager (Male) |
| 17:55 | Build | Farm |
| 18:04 | Create | Villager (Male) |
| 18:11 | Create | Villager (Male) |
| 18:26 | Build | Farm |
| 18:32 | Create | Villager (Male) |
| 18:34 | Build | Farm |
| 18:37 | Create | Villager (Male) |
| 18:46 | Create | Villager (Male) |
| 19:01 | Build | Farm |
| 19:03 | Build | Farm |
| 19:06 | Build | Farm |
| 19:07 | Create | Villager (Male) |
| 19:09 | Build | Farm |
| 19:13 | Build | Farm |
| 19:14 | Create | Villager (Male) |
| 19:21 | Create | Villager (Male) |
| 19:34 | Create | Villager (Male) |
| 19:39 | Build | Farm |
| 19:42 | Build | Farm |
| 19:43 | Create | Villager (Male) |
| 19:50 | Create | Villager (Male) |
| 19:54 | Build | Farm |
| 19:58 | Create | Villager (Male) |
| 20:01 | Build | Monastery |
| 20:07 | Build | Farm |
| 20:08 | Create | Villager (Male) |
| 20:17 | Research | Fletching |
| 20:28 | Create | Villager (Male) |
| 20:31 | Create | Villager (Male) |
| 20:36 | Build | Farm |
| 20:57 | Create | Villager (Male) |
| 20:58 | Create | Villager (Male) |
| 21:03 | Build | Farm |
| 21:03 | Create | Villager (Male) ×2 |
| 21:09 | Build | Farm |
| 21:17 | Create | Villager (Male) |
| 21:24 | Create | Villager (Male) |
| 21:39 | Build | Gate |
| 21:41 | Create | Villager (Male) ×3 |
| 21:56 | Create | Villager (Male) ×2 |
| 22:01 | Create | Villager (Male) |
| 22:07 | Create | Villager (Male) ×2 |
| 22:20 | Create | Villager (Male) |
| 22:21 | Create | Monk |
| 22:33 | Build | Farm |
| 22:34 | Create | Villager (Male) ×3 |
| 22:45 | Build | Mining Camp |
| 22:57 | Create | Villager (Male) ×3 |
| 23:03 | Build | Barracks |
| 23:17 | Build | Mining Camp |
| 23:20 | Research | Gold Mining |
| 23:24 | Create | Monk |
| 23:31 | Create | Villager (Male) ×5 |
| 24:01 | Create | Villager (Male) ×5 |
| 24:24 | Research | Stone Mining |
| 24:35 | Build | Castle |
| 24:40 | Build | University |
| 24:49 | Build | Palisade Wall |
| 24:58 | Create | Villager (Male) ×5 |
| 25:01 | Build | Mill |
| 25:02 | Build | Farm |
| 25:02 | Build | Farm |
| 25:02 | Build | Farm |
| 25:02 | Build | Farm |
| 25:19 | Build | House |
| 25:19 | Build | House |
| 25:20 | Build | House |
| 25:26 | Build | Gate |
| 25:31 | Build | Gate |
| 25:34 | Create | Villager (Male) |
| 25:35 | Create | Villager (Male) |
| 25:44 | Build | House |
| 25:44 | Build | House |
| 25:44 | Build | House |
| 25:44 | Build | House |
| 25:44 | Build | House |
| 26:01 | Create | Villager (Male) |
| 26:01 | Create | Villager (Male) |
| 26:10 | Create | Teutonic Knight |
Build order — kaka
First 150 of 338 actions detected
| 0:02 | Build | House |
| 0:03 | Create | Villager (Male) |
| 0:03 | Create | Villager (Male) |
| 0:05 | Build | House |
| 0:42 | Create | Villager (Male) |
| 0:42 | Create | Villager (Male) |
| 1:46 | Create | Villager (Male) |
| 1:46 | Create | Villager (Male) |
| 1:51 | Build | Lumber Camp |
| 2:09 | Create | Villager (Male) |
| 2:28 | Create | Villager (Male) |
| 2:29 | Create | Villager (Male) |
| 3:00 | Create | Villager (Male) |
| 3:01 | Create | Villager (Male) |
| 3:55 | Create | Villager (Male) |
| 3:57 | Build | House |
| 4:12 | Build | Mill |
| 4:23 | Create | Villager (Male) |
| 4:23 | Create | Villager (Male) |
| 5:09 | Create | Villager (Male) |
| 5:09 | Create | Villager (Male) |
| 6:20 | Create | Villager (Male) |
| 6:20 | Create | Villager (Male) |
| 6:21 | Create | Villager (Male) |
| 6:21 | Create | Villager (Male) |
| 6:25 | Build | House |
| 7:57 | Create | Villager (Male) |
| 7:57 | Create | Villager (Male) |
| 8:19 | Create | Villager (Male) |
| 8:28 | Build | Mining Camp |
| 8:45 | Build | Farm |
| 8:46 | Build | Farm |
| 8:48 | Build | Farm |
| 9:19 | Build | Farm |
| 9:31 | Research | Feudal Age |
| 10:08 | Create | Villager (Male) |
| 10:08 | Create | Villager (Male) |
| 10:08 | Create | Villager (Male) |
| 10:36 | Build | House |
| 11:41 | Age | Feudal Age |
| 11:45 | Build | Market |
| 11:50 | Build | Blacksmith |
| 11:58 | Build | Farm |
| 12:34 | Research | Castle Age |
| 12:43 | Build | Barracks |
| 12:51 | Build | Farm |
| 13:02 | Research | Double-Bit Axe |
| 14:40 | Create | Villager (Male) |
| 14:40 | Create | Villager (Male) |
| 14:49 | Build | Farm |
| 15:14 | Age | Castle Age |
| 15:19 | Build | Stable |
| 15:49 | Build | Farm |
| 15:53 | Build | House |
| 15:56 | Build | Town Center |
| 16:22 | Create | Villager (Male) |
| 16:24 | Create | Knight |
| 16:28 | Create | Knight |
| 16:30 | Create | Villager (Male) |
| 16:30 | Create | Villager (Male) |
| 16:53 | Create | Villager (Male) |
| 16:53 | Create | Villager (Male) |
| 17:06 | Build | Farm |
| 17:11 | Create | Villager (Male) |
| 17:12 | Create | Villager (Male) |
| 17:12 | Create | Villager (Male) |
| 17:13 | Create | Villager (Male) |
| 17:25 | Create | Knight |
| 17:27 | Create | Villager (Male) |
| 17:27 | Create | Villager (Male) |
| 17:38 | Build | Farm |
| 17:50 | Create | Knight |
| 18:23 | Build | House |
| 18:27 | Research | Scale Barding Armor |
| 18:46 | Build | House |
| 18:48 | Create | Knight |
| 18:53 | Research | Wheelbarrow |
| 18:55 | Create | Villager (Male) |
| 19:02 | Build | Farm |
| 19:10 | Create | Villager (Male) |
| 19:38 | Create | Knight |
| 19:43 | Create | Villager (Male) |
| 19:55 | Create | Villager (Male) |
| 19:58 | Build | Farm |
| 19:59 | Build | Farm |
| 20:01 | Build | Farm |
| 20:02 | Build | Farm |
| 20:02 | Build | Farm |
| 20:03 | Build | Farm |
| 20:12 | Build | House |
| 20:13 | Build | House |
| 20:14 | Build | House |
| 20:22 | Create | Knight |
| 20:22 | Create | Knight |
| 21:16 | Create | Knight |
| 21:48 | Create | Villager (Male) |
| 21:48 | Create | Villager (Male) |
| 21:55 | Create | Villager (Male) |
| 21:56 | Create | Villager (Male) |
| 21:57 | Create | Knight |
| 22:02 | Create | Villager (Male) |
| 22:06 | Build | Mill |
| 22:10 | Build | Town Center |
| 22:14 | Create | Villager (Male) |
| 22:42 | Research | Husbandry |
| 22:59 | Create | Knight |
| 23:00 | Create | Villager (Male) |
| 23:00 | Create | Villager (Male) |
| 23:14 | Create | Knight |
| 23:15 | Create | Knight |
| 23:23 | Build | Farm |
| 23:24 | Build | Farm |
| 23:24 | Build | Farm |
| 23:24 | Build | Farm |
| 23:24 | Build | Farm |
| 23:25 | Build | Farm |
| 23:25 | Build | Farm |
| 23:25 | Build | Farm |
| 23:26 | Build | Farm |
| 23:45 | Create | Scout Cavalry |
| 23:47 | Create | Villager (Male) |
| 23:47 | Create | Villager (Male) |
| 23:48 | Create | Villager (Male) |
| 23:57 | Create | Villager (Male) |
| 24:00 | Build | Farm |
| 24:13 | Research | Chain Barding Armor |
| 24:25 | Create | Scout Cavalry |
| 24:40 | Create | Villager (Male) |
| 24:40 | Create | Villager (Male) |
| 24:41 | Create | Villager (Male) |
| 24:41 | Create | Villager (Male) |
| 25:06 | Create | Villager (Male) |
| 25:06 | Create | Villager (Male) |
| 25:09 | Create | Knight |
| 25:09 | Create | Knight |
| 25:11 | Create | Villager (Male) |
| 25:14 | Build | House |
| 25:16 | Build | House |
| 25:18 | Create | Villager (Male) |
| 25:35 | Create | Villager (Male) |
| 25:39 | Research | Town Watch |
| 26:01 | Create | Villager (Male) |
| 26:01 | Create | Villager (Male) |
| 26:04 | Build | House |
| 26:05 | Build | Farm |
| 26:07 | Create | Villager (Male) |
| 26:08 | Create | Villager (Male) |
| 26:10 | Build | Barracks |
| 26:13 | Build | Mill |
| 26:48 | Create | Knight |
Build order — VadersSon2004
First 150 of 395 actions detected
| 0:02 | Create | Villager (Male) |
| 0:02 | Create | Villager (Male) |
| 0:02 | Create | Villager (Male) |
| 0:03 | Create | Villager (Male) |
| 0:03 | Create | Villager (Male) |
| 0:03 | Create | Villager (Male) |
| 0:06 | Build | House |
| 0:09 | Build | House |
| 1:28 | Create | Villager (Male) |
| 1:28 | Create | Villager (Male) |
| 1:53 | Create | Villager (Male) |
| 1:53 | Create | Villager (Male) |
| 1:54 | Create | Villager (Male) |
| 1:54 | Create | Villager (Male) |
| 2:19 | Create | Villager (Male) |
| 2:19 | Create | Villager (Male) |
| 2:19 | Create | Villager (Male) |
| 2:31 | Build | Lumber Camp |
| 2:51 | Create | Villager (Male) |
| 2:51 | Create | Villager (Male) |
| 2:51 | Create | Villager (Male) |
| 2:52 | Create | Villager (Male) |
| 3:12 | Create | Villager (Male) |
| 3:12 | Create | Villager (Male) |
| 3:12 | Create | Villager (Male) |
| 3:42 | Create | Villager (Male) |
| 3:42 | Create | Villager (Male) |
| 3:47 | Build | House |
| 3:51 | Build | House |
| 4:02 | Create | Villager (Male) |
| 4:02 | Create | Villager (Male) |
| 4:03 | Create | Villager (Male) |
| 4:03 | Create | Villager (Male) |
| 4:13 | Create | Villager (Male) |
| 4:13 | Create | Villager (Male) |
| 4:14 | Create | Villager (Male) |
| 4:31 | Create | Villager (Male) |
| 4:31 | Create | Villager (Male) |
| 4:32 | Create | Villager (Male) |
| 5:11 | Create | Villager (Male) |
| 5:11 | Create | Villager (Male) |
| 5:12 | Create | Villager (Male) |
| 5:16 | Build | Mill |
| 5:45 | Create | Villager (Male) |
| 6:00 | Create | Villager (Male) |
| 6:19 | Create | Villager (Male) |
| 6:54 | Create | Villager (Male) |
| 7:44 | Create | Villager (Male) |
| 7:44 | Create | Villager (Male) |
| 8:51 | Research | Feudal Age |
| 8:56 | Build | Mining Camp |
| 9:39 | Create | Villager (Male) |
| 9:39 | Create | Villager (Male) |
| 10:13 | Build | Farm |
| 10:16 | Build | Farm |
| 10:50 | Build | Farm |
| 10:54 | Build | Farm |
| 11:02 | Age | Feudal Age |
| 11:05 | Build | Market |
| 11:09 | Build | Blacksmith |
| 11:14 | Build | House |
| 11:18 | Research | Loom |
| 11:22 | Create | Villager (Male) |
| 12:22 | Research | Castle Age |
| 12:37 | Build | Farm |
| 12:39 | Research | Double-Bit Axe |
| 12:47 | Build | Farm |
| 12:58 | Build | Farm |
| 13:06 | Build | Farm |
| 13:26 | Research | Horse Collar |
| 13:35 | Create | Villager (Male) |
| 13:35 | Create | Villager (Male) |
| 15:02 | Age | Castle Age |
| 15:06 | Build | Town Center |
| 15:40 | Research | Wheelbarrow |
| 15:46 | Build | House |
| 15:49 | Build | House |
| 15:54 | Create | Villager (Male) |
| 16:11 | Create | Villager (Male) |
| 16:11 | Create | Villager (Male) |
| 16:14 | Create | Villager (Male) |
| 16:17 | Build | Farm |
| 16:22 | Build | Farm |
| 16:36 | Build | Farm |
| 16:40 | Create | Villager (Male) |
| 16:40 | Create | Villager (Male) |
| 16:51 | Build | House |
| 16:54 | Build | House |
| 17:11 | Create | Villager (Male) |
| 17:33 | Build | Town Center |
| 17:39 | Create | Villager (Male) |
| 17:39 | Create | Villager (Male) |
| 17:48 | Build | Farm |
| 18:01 | Build | House |
| 18:05 | Build | House |
| 18:15 | Create | Villager (Male) |
| 18:15 | Create | Villager (Male) |
| 18:43 | Create | Villager (Male) |
| 18:43 | Create | Villager (Male) |
| 18:43 | Create | Villager (Male) |
| 18:43 | Create | Villager (Male) |
| 18:48 | Build | Farm |
| 18:49 | Build | Farm |
| 18:49 | Build | Farm |
| 18:49 | Build | Farm |
| 19:01 | Build | Mining Camp |
| 19:30 | Create | Villager (Male) |
| 19:31 | Create | Villager (Male) |
| 19:32 | Create | Villager (Male) |
| 19:49 | Build | Farm |
| 19:55 | Build | Farm |
| 20:13 | Create | Villager (Male) |
| 20:14 | Create | Villager (Male) |
| 20:14 | Create | Villager (Male) |
| 20:15 | Create | Villager (Male) |
| 20:15 | Create | Villager (Male) |
| 20:15 | Create | Villager (Male) |
| 20:21 | Build | Farm |
| 20:21 | Build | Farm |
| 20:21 | Build | Farm |
| 20:22 | Build | Farm |
| 20:22 | Build | Farm |
| 20:29 | Build | Farm |
| 20:32 | Create | Villager (Male) |
| 20:32 | Create | Villager (Male) |
| 21:11 | Create | Villager (Male) |
| 21:11 | Create | Villager (Male) |
| 21:13 | Research | Heavy Plow |
| 21:23 | Build | Mining Camp |
| 21:34 | Create | Villager (Male) |
| 21:34 | Create | Villager (Male) |
| 21:53 | Create | Villager (Male) |
| 21:53 | Create | Villager (Male) |
| 22:06 | Build | Mill |
| 22:10 | Build | Farm |
| 22:10 | Build | Farm |
| 22:12 | Build | Farm |
| 22:13 | Build | Farm |
| 22:18 | Create | Villager (Male) |
| 22:19 | Create | Villager (Male) |
| 22:25 | Build | Farm |
| 22:39 | Build | House |
| 22:42 | Build | House |
| 22:43 | Build | House |
| 22:43 | Build | House |
| 22:54 | Create | Villager (Male) |
| 22:54 | Create | Villager (Male) |
| 22:56 | Create | Villager (Male) |
| 22:56 | Create | Villager (Male) |
| 22:58 | Create | Villager (Male) |
Build order — VIT | Hera
First 150 of 396 actions detected
| 0:01 | Create | Villager (Male) |
| 0:01 | Create | Villager (Male) |
| 0:02 | Build | House |
| 0:02 | Build | House |
| 0:13 | Create | Villager (Male) |
| 0:17 | Create | Villager (Male) |
| 1:23 | Create | Villager (Male) |
| 1:24 | Create | Villager (Male) |
| 1:55 | Create | Villager (Male) |
| 1:56 | Build | Lumber Camp |
| 2:18 | Create | Villager (Male) |
| 2:29 | Create | Villager (Male) |
| 2:29 | Create | Villager (Male) |
| 3:14 | Create | Villager (Male) |
| 3:15 | Create | Villager (Male) |
| 3:15 | Create | Villager (Male) |
| 3:37 | Build | House |
| 3:40 | Build | House |
| 4:05 | Create | Villager (Male) |
| 4:05 | Create | Villager (Male) |
| 4:17 | Build | House |
| 4:20 | Build | Palisade Wall |
| 4:20 | Build | Palisade Wall |
| 4:21 | Build | Palisade Wall |
| 4:32 | Create | Villager (Male) |
| 4:33 | Create | Villager (Male) |
| 4:33 | Create | Villager (Male) |
| 5:08 | Build | Mill |
| 5:20 | Create | Villager (Male) |
| 5:20 | Create | Villager (Male) |
| 6:13 | Create | Villager (Male) |
| 6:18 | Build | Farm |
| 6:18 | Create | Villager (Male) |
| 6:46 | Create | Villager (Male) |
| 6:47 | Create | Villager (Male) |
| 7:00 | Build | Farm |
| 7:20 | Create | Villager (Male) |
| 7:27 | Create | Villager (Male) |
| 8:19 | Create | Villager (Male) |
| 8:38 | Build | Mining Camp |
| 8:41 | Research | Feudal Age |
| 8:41 | Research | Feudal Age |
| 10:43 | Create | Villager (Male) |
| 10:56 | Age | Feudal Age |
| 10:58 | Create | Villager (Male) |
| 11:01 | Build | Blacksmith |
| 11:04 | Build | Market |
| 11:23 | Create | Villager (Male) |
| 11:27 | Create | Villager (Male) |
| 11:42 | Research | Double-Bit Axe |
| 11:43 | Research | Double-Bit Axe |
| 11:53 | Research | Castle Age |
| 11:53 | Research | Castle Age |
| 11:56 | Research | Horse Collar |
| 11:57 | Research | Horse Collar |
| 12:08 | Build | House |
| 12:08 | Build | House |
| 12:11 | Build | House |
| 12:22 | Build | Farm |
| 12:23 | Build | Farm |
| 12:27 | Build | Farm |
| 12:29 | Build | Farm |
| 13:55 | Create | Villager (Male) |
| 14:02 | Create | Villager (Male) |
| 14:21 | Build | House |
| 14:28 | Create | Villager (Male) |
| 14:33 | Age | Castle Age |
| 14:38 | Build | Town Center |
| 14:41 | Build | Monastery |
| 14:48 | Build | Town Center |
| 14:49 | Create | Villager (Male) |
| 15:11 | Research | Bow Saw |
| 15:12 | Research | Bow Saw |
| 15:25 | Create | Villager (Male) |
| 15:27 | Create | Monk |
| 15:27 | Create | Monk |
| 15:40 | Build | Farm |
| 15:45 | Research | Heavy Plow |
| 15:45 | Research | Heavy Plow |
| 16:01 | Create | Villager (Male) |
| 16:07 | Create | Villager (Male) |
| 16:07 | Create | Villager (Male) |
| 16:08 | Create | Villager (Male) |
| 16:09 | Build | Farm |
| 16:14 | Build | Farm |
| 16:20 | Create | Villager (Male) |
| 16:21 | Create | Villager (Male) |
| 16:35 | Build | Farm |
| 16:36 | Build | Farm |
| 16:36 | Create | Villager (Male) |
| 16:40 | Build | Farm |
| 16:58 | Build | Farm |
| 16:59 | Build | Farm |
| 17:05 | Build | Farm |
| 17:06 | Build | Farm |
| 17:07 | Create | Villager (Male) |
| 17:07 | Create | Villager (Male) |
| 17:14 | Build | Farm |
| 17:21 | Create | Monk |
| 17:22 | Create | Villager (Male) |
| 17:22 | Create | Villager (Male) |
| 17:23 | Build | Farm |
| 17:28 | Create | Villager (Male) |
| 17:29 | Create | Villager (Male) |
| 17:47 | Create | Villager (Male) |
| 17:47 | Create | Villager (Male) |
| 17:50 | Build | Farm |
| 17:52 | Build | Farm |
| 17:55 | Build | Farm |
| 17:57 | Build | Farm |
| 17:58 | Create | Villager (Male) |
| 17:58 | Create | Villager (Male) |
| 17:58 | Create | Villager (Male) |
| 18:01 | Create | Villager (Male) |
| 18:01 | Create | Villager (Male) |
| 18:01 | Create | Villager (Male) |
| 18:11 | Create | Villager (Male) |
| 18:17 | Create | Villager (Male) |
| 18:17 | Create | Villager (Male) |
| 18:28 | Create | Monk |
| 18:29 | Create | Villager (Male) |
| 18:35 | Build | Farm |
| 18:36 | Create | Villager (Male) |
| 18:36 | Create | Villager (Male) |
| 18:39 | Build | Farm |
| 18:40 | Build | Farm |
| 18:44 | Build | Farm |
| 18:47 | Build | Farm |
| 18:49 | Create | Villager (Male) |
| 18:49 | Create | Villager (Male) |
| 18:55 | Build | House |
| 18:56 | Build | House |
| 18:57 | Build | House |
| 18:59 | Build | House |
| 18:59 | Create | Villager (Male) |
| 18:59 | Create | Villager (Male) |
| 19:01 | Build | House |
| 19:01 | Build | House |
| 19:07 | Build | Farm |
| 19:08 | Create | Villager (Male) |
| 19:08 | Create | Villager (Male) |
| 19:18 | Create | Villager (Male) |
| 19:19 | Create | Villager (Male) |
| 19:28 | Create | Villager (Male) |
| 19:34 | Create | Villager (Male) |
| 19:40 | Create | Monk |
| 19:47 | Create | Villager (Male) |
| 19:49 | Create | Villager (Male) |
| 19:50 | Create | Villager (Male) |
| 19:55 | Build | Farm |
Match timeline
| 4:20 | VIT | Hera · wall_segment Palisade Wall x1 |
| 4:20 | VIT | Hera · wall_segment Palisade Wall x1 |
| 4:21 | VIT | Hera · wall_segment Palisade Wall x1 |
| 9:18 | BruxYep · age_up feudal |
| 10:01 | BruxYep · first_building Donjon |
| 10:40 | woololoo · wall_segment Palisade Wall x1 |
| 10:42 | woololoo · wall_segment Palisade Wall x1 |
| 10:54 | woololoo · wall_segment Palisade Wall x1 |
| 10:56 | VIT | Hera · age_up feudal |
| 11:02 | VadersSon2004 · age_up feudal |
| 11:33 | woololoo · age_up feudal |
| 11:41 | kaka · age_up feudal |
| 11:54 | noloomregret · age_up feudal |
| 12:20 | BruxYep · first_building Barracks |
| 12:21 | VadersSon2004 · first_market_sell 100 food |
| 12:43 | kaka · first_building Barracks |
| 12:46 | woololoo · first_market_sell 500 wood |
| 12:47 | Chasers · age_up feudal |
| 12:48 | noobmaster69xd_420 · age_up feudal |
| 14:33 | VIT | Hera · age_up castle |
| 14:41 | VIT | Hera · first_building Monastery |
| 14:43 | Chasers · wall_segment Palisade Wall x1 |
| 14:46 | VIT | Hera · first_market_buy 100 wood |
| 14:48 | Chasers · wall_segment Palisade Wall x21 |
| 15:02 | VadersSon2004 · age_up castle |
| 15:14 | kaka · age_up castle |
| 15:19 | kaka · first_building Stable |
| 15:24 | noloomregret · age_up castle |
| 15:33 | woololoo · age_up castle |
| 16:44 | Chasers · age_up castle |
| 17:03 | Chasers · first_building Castle |
| 17:15 | noobmaster69xd_420 · age_up castle |
| 17:21 | noobmaster69xd_420 · first_building Monastery |
| 17:48 | woololoo · first_building Castle |
| 17:48 | noobmaster69xd_420 · first_building Siege Workshop |
| 18:34 | noobmaster69xd_420 · first_market_sell 100 wood |
| 18:38 | noobmaster69xd_420 · first_market_buy 100 food |
| 18:46 | BruxYep · first_market_buy 100 food |
| 18:50 | Chasers · first_building Siege Workshop |
| 18:56 | Chasers · wall_segment Stone Wall x9 |
| 18:59 | Chasers · wall_segment Stone Wall x6 |
| 19:01 | Chasers · wall_segment Stone Wall x8 |
| 19:36 | noobmaster69xd_420 · first_building Barracks |
| 19:46 | BruxYep · first_building Stable |
| 20:01 | woololoo · first_building Monastery |
| 20:17 | Chasers · first_market_buy 100 food |
| 20:37 | noobmaster69xd_420 · first_building Archery Range |
| 21:14 | Chasers · wall_segment Stone Wall x1 |
| 21:31 | BruxYep · age_up castle |
| 21:57 | noobmaster69xd_420 · age_up imperial |
| 22:37 | noloomregret · first_building Stable |
| 22:40 | BruxYep · first_building Monastery |
| 23:03 | woololoo · first_building Barracks |
| 23:27 | BruxYep · first_market_sell 100 stone |
| 23:49 | VIT | Hera · first_market_sell 500 food |
| 23:55 | VIT | Hera · first_building Castle |
| 24:05 | noloomregret · first_building Barracks |
| 24:18 | VadersSon2004 · first_building Monastery |
| 24:49 | woololoo · wall_segment Palisade Wall x1 |
| 24:55 | noloomregret · first_building Castle |
| 24:57 | VIT | Hera · wall_segment Palisade Wall x1 |
| 25:26 | VadersSon2004 · first_building Castle |
| 25:32 | BruxYep · first_building Castle |
| 26:50 | woololoo · first_market_buy 100 wood |
| 27:06 | BruxYep · age_up imperial |
| 27:49 | Chasers · first_building Barracks |
| 28:23 | VadersSon2004 · age_up imperial |
| 28:45 | Chasers · wall_segment Stone Wall x3 |
| 28:46 | Chasers · wall_segment Stone Wall x2 |
| 28:47 | Chasers · wall_segment Stone Wall x2 |
| 28:48 | Chasers · wall_segment Stone Wall x2 |
| 28:49 | Chasers · wall_segment Stone Wall x2 |
| 28:50 | Chasers · wall_segment Stone Wall x2 |
| 28:51 | Chasers · wall_segment Stone Wall x2 |
| 28:52 | Chasers · wall_segment Stone Wall x3 |
| 28:53 | VadersSon2004 · first_building Barracks |
| 28:53 | Chasers · wall_segment Stone Wall x2 |
| 28:56 | Chasers · wall_segment Stone Wall x2 |
| 28:59 | Chasers · wall_segment Stone Wall x13 |
| 29:21 | kaka · first_market_sell 100 wood |
| 29:52 | Chasers · first_market_sell 100 food |
| 30:27 | woololoo · age_up imperial |
| 30:49 | noloomregret · age_up imperial |
| 31:17 | VIT | Hera · age_up imperial |
| 32:19 | VadersSon2004 · first_building Stable |
| 32:33 | VIT | Hera · first_building Siege Workshop |
| 32:50 | kaka · first_building Monastery |
| 32:57 | VadersSon2004 · first_building Archery Range |
| 33:04 | Chasers · age_up imperial |
| 33:27 | kaka · first_building Archery Range |
| 33:50 | Chasers · wall_segment Stone Wall x7 |
| 34:13 | Chasers · wall_segment Stone Wall x19 |
| 34:54 | VIT | Hera · tribute_sent a jugador 1 |
| 34:54 | VIT | Hera · tribute_sent a jugador 2 |
| 34:54 | VIT | Hera · tribute_sent a jugador 3 |
| 34:54 | VIT | Hera · tribute_sent a jugador 4 |
| 34:54 | VIT | Hera · tribute_sent a jugador 5 |
| 34:54 | VIT | Hera · tribute_sent a jugador 6 |
| 34:54 | VIT | Hera · tribute_sent a jugador 7 |
| 35:13 | Chasers · wall_segment Stone Wall x15 |
| 36:47 | BruxYep · first_building Siege Workshop |
| 37:00 | kaka · age_up imperial |
| 38:55 | Chasers · wall_segment Stone Wall x1 |
| 38:56 | Chasers · wall_segment Stone Wall x1 |
| 38:56 | Chasers · wall_segment Stone Wall x1 |
| 38:57 | Chasers · wall_segment Stone Wall x13 |
| 39:18 | noobmaster69xd_420 · first_building Stable |
| 39:33 | Chasers · wall_segment Stone Wall x9 |
| 39:34 | kaka · first_building Castle |
| 39:35 | Chasers · wall_segment Stone Wall x8 |
| 40:20 | woololoo · first_building Archery Range |
| 41:06 | noloomregret · tribute_sent a jugador 1 |
| 41:06 | noloomregret · tribute_sent a jugador 2 |
| 41:06 | noloomregret · tribute_sent a jugador 3 |
| 41:06 | noloomregret · tribute_sent a jugador 4 |
| 41:06 | noloomregret · tribute_sent a jugador 5 |
| 41:06 | noloomregret · tribute_sent a jugador 7 |
| 41:06 | noloomregret · tribute_sent a jugador 8 |
| 41:22 | noloomregret · first_market_sell 500 wood |
| 41:38 | Chasers · wall_segment Stone Wall x13 |
| 42:16 | VadersSon2004 · first_building Siege Workshop |
| 42:28 | BruxYep · resign |
| 42:59 | VadersSon2004 · wall_segment Stone Wall x21 |
| 43:05 | VadersSon2004 · wall_segment Stone Wall x21 |
| 43:14 | VadersSon2004 · wall_segment Stone Wall x8 |
| 43:17 | VadersSon2004 · wall_segment Stone Wall x9 |
| 43:38 | noloomregret · first_market_buy 100 stone |
| 43:43 | Chasers · wall_segment Stone Wall x7 |
| 43:51 | Chasers · wall_segment Stone Wall x11 |
| 43:54 | Chasers · wall_segment Stone Wall x4 |
| 44:01 | Chasers · wall_segment Stone Wall x8 |
| 44:07 | Chasers · wall_segment Stone Wall x14 |
| 44:25 | VadersSon2004 · wall_segment Stone Wall x9 |
| 44:27 | Chasers · wall_segment Stone Wall x13 |
| 44:27 | VadersSon2004 · wall_segment Stone Wall x6 |
| 44:37 | Chasers · wall_segment Stone Wall x1 |
| 44:45 | Chasers · wall_segment Stone Wall x9 |
| 44:57 | Chasers · wall_segment Stone Wall x5 |
| 45:06 | Chasers · wall_segment Stone Wall x9 |
| 45:09 | Chasers · wall_segment Stone Wall x4 |
| 45:11 | VadersSon2004 · first_market_buy 100 stone |
| 45:11 | Chasers · wall_segment Stone Wall x2 |
| 45:13 | Chasers · wall_segment Stone Wall x5 |
| 45:26 | Chasers · wall_segment Stone Wall x7 |
| 45:28 | Chasers · wall_segment Stone Wall x1 |
| 45:32 | Chasers · wall_segment Stone Wall x10 |
| 45:34 | Chasers · wall_segment Stone Wall x6 |
| 45:36 | Chasers · wall_segment Stone Wall x5 |
| 45:51 | Chasers · wall_segment Stone Wall x20 |
| 46:00 | Chasers · wall_segment Stone Wall x16 |
| 46:16 | Chasers · wall_segment Stone Wall x13 |
| 47:09 | Chasers · wall_segment Stone Wall x8 |
| 47:10 | Chasers · wall_segment Stone Wall x6 |
| 47:12 | Chasers · wall_segment Stone Wall x7 |
| 47:13 | Chasers · wall_segment Stone Wall x4 |
| 48:35 | VadersSon2004 · wall_segment Stone Wall x7 |
| 48:47 | Chasers · wall_segment Palisade Wall x13 |
| 49:58 | Chasers · wall_segment Stone Wall x1 |
| 50:35 | Chasers · wall_segment Palisade Wall x31 |
| 50:49 | Chasers · wall_segment Palisade Wall x11 |
| 50:57 | Chasers · wall_segment Palisade Wall x9 |
| 51:00 | Chasers · wall_segment Palisade Wall x17 |
[ AI ANALYSIS · 1 CREDIT ]
What really happened in this match?
Wolo.gg analyzes every decision: build order, eco, micro, common mistakes by bracket. Personalized analysis on WhatsApp or Discord in 30 seconds.
Civ guide
Khmer
Perfil
Jugador #3095505